 Dungeon Crawl Stone Soup version 0.29-a0-284-gf9362112df (webtiles) character file.

Game seed: 15342582054270609616

87 bande the Covered (level 4, 0/29 HPs)
             Began as a Gargoyle Fighter on Mar 31, 2022.
             Slain by a gnoll
             ... wielding a +0 club
              (6 damage)
             ... while paralysed by Grinder
             ... on level 3 of the Dungeon.
             The game lasted 00:03:53 (2213 turns).

bande the Covered (Gargoyle Fighter)                Turns: 2213, Time: 00:03:54

Health: 0/29       AC: 14    Str: 19    XL:     4   Next: 51%
Magic:  4/4        EV:  2    Int:  9    God:
Gold:   162        SH:  0    Dex: 11    Spells: 3/3 levels left

rFire   . . .      SeeInvis +   a - +1 war axe
rCold   . . .      Faith    .   c - +0 buckler
rNeg    + . .      Spirit   .   b - +0 scale mail
rPois   ∞          Reflect  .   l - +0 helmet
rElec   +          Harm     .   (no cloak)
rCorr   .          Rampage  .   f - +1 pair of gloves
Will    .....                   (no boots)
Stlth   ..........              (no amulet)
HPRegen 0.09/turn               h - ring of flight
MPRegen 0.09/turn               k - ring of see invisible

@: paralysed, flying
A: sickness immunity, AC +3, negative energy resistance 1, electricity
resistance, torment resistance 1, petrification resistance
a: no special abilities


You were on level 3 of the Dungeon.
You visited 1 branch of the dungeon, and saw 3 of its levels.

You collected 162 gold pieces.

Inventory:

Hand Weapons
 a - a +1 war axe (weapon)
 o - a +0 war axe
Armour
 b - a +0 scale mail (worn)
 c - a +0 buckler (worn)
 f - a +1 pair of gloves (worn)
 l - a +0 helmet (worn)
Jewellery
 h - a ring of flight (left hand)
 k - a ring of see invisible (right hand)
Scrolls
 i - a scroll of teleportation
 n - a scroll of identify
Potions
 d - 2 potions of might
 e - a potion of invisibility
 g - a potion of berserk rage
 j - a potion of mutation {unknown}
 m - a potion of degeneration {unknown}


   Skills:
 + Level 3.7 Fighting
 + Level 3.1 Axes
 + Level 3.9 Armour
 + Level 3.7 Shields


You had 3 spell levels left.
You didn't know any spells.
Your spell library was empty.

Dungeon Overview and Level Annotations

Branches:
Dungeon (3/15)

Altars:
Ashenzari

Annotations:
D:3 Grinder


Innate Abilities, Weirdness & Mutations

You are immune to sickness and miasma.
Your stone body is resilient. (AC +3)
You are immune to poison.
You resist negative energy. (rN+)
You are resistant to electric shocks. (rElec)
You are resistant to unholy torment.
You are immune to petrification.


Message History

Found a spear.
The gnoll shouts! x3; You hear a shout!
A gnoll comes into view. It is wielding a +0 halberd of flaming.
You hit Grinder but do no damage. Grinder gestures at you.
Pain shoots through your body!
You completely miss Grinder.
Grinder blinks!
A hobgoblin comes into view. It is wielding a +0 vampiric falchion.
The hobgoblin shouts!
You closely miss Grinder. You hit the gnoll.
A ball python comes into view.
The gnoll barely misses you. x2; Grinder drinks a potion.
Grinder seems to grow stronger.
Grinder misses you. You block the gnoll's attack.
The gnoll hits you but does no damage.
You barely miss the gnoll.
The gnoll is lightly wounded.
You hit Grinder. The gnoll hits you but does no damage.
You block the gnoll's attack. Grinder gestures at you.
You barely resist. You barely miss Grinder.
Grinder is lightly wounded.
You hit the gnoll.
Grinder says, "Just stop there for a second..."
Grinder gestures at you.
You suddenly lose the ability to move!
The gnoll hits you with a +0 club. The gnoll hits you but does no damage.
The gnoll barely misses you. The gnoll hits you but does no damage.
Grinder hits you.
You writhe in agony.
The gnoll hits you but does no damage. x2; Grinder hits you!
You writhe in agony.
* * * LOW HITPOINT WARNING * * *
The gnoll hits you but does no damage.
The gnoll hits you from afar with a +0 spear.
* * * LOW HITPOINT WARNING * * *
Grinder says, "DUCK!"
Grinder gestures at you.
You shrug off the repeated paralysis!
The gnoll hits you with a +0 club.
You die...

..#####.#..#####.#######..#<##
### #.#..# ..............
..#..#### ########.##.##
####.....# #####...#.##
#.###.# #........... #. #.#
#.###...#.#.
#.#####.####.##.#. #
#.##.....>......#.
#...##@##.##.####...##.
....ggg5...##.##........
##..g##.#####.##........ ..).
#.# #.##........ ... #.#
#.####...##. .. #.# #.#
#...##. . #.# #.####...##. ..#
#.#......... ## #...........


You could see Grinder (strong), 3 gnolls and a hobgoblin.

Vanquished Creatures
  4 gnolls (D:2)
  A worm (D:2)
  A dart slug (D:3)
  An orc (D:3)
  A bat (D:3)
  2 endoplasms
  2 giant cockroaches
  4 hobgoblins
  3 jackals (D:1)
  3 quokkas (D:1)
  3 ball pythons
  3 frilled lizards (D:2)
  5 goblins
  4 kobolds (D:1)
  2 rats
39 creatures vanquished.

Notes
Turn   | Place    | Note
-------+----------+-------------------------------------------
     0 | D:1      | bande the Gargoyle Fighter began the quest for the Orb.
     0 | D:1      | Reached XP level 1. HP: 14/14 MP: 1/1
   125 | D:1      | Reached XP level 2. HP: 13/19 MP: 2/2
   274 | D:1      | Found a faded altar of an unknown god.
   749 | D:1      | Reached XP level 3. HP: 23/23 MP: 3/3
  1027 | D:2      | Reached XP level 4. HP: 26/29 MP: 4/4
  1789 | D:3      | Found a broken altar of Ashenzari.
  2201 | D:3      | Noticed Grinder
  2209 | D:3      | Paralysed by Grinder for 6 turns
  2213 | D:3      | Slain by a gnoll

Illustrated notes

Levels and vault maps discovered:
D:1:      lemuel_arrival_lava_pool, layout_loops_ring,
          ebering_ecumenical_altar_webs
D:2:      layout_basic, serial_rivers, chequers_serial_rivers_micro_b,
          chequers_serial_rivers_room_a, chequers_serial_rivers_small_a,
          chequers_serial_rivers_marsh, chequers_serial_rivers_micro_d,
          chequers_serial_rivers_small_a, amethyst_killhole
D:3:      layout_loops_ring, general_overflow_altar, minmay_liquid_box,
          uniq_grinder

Skill      XL: |  1  2  3  4 |
---------------+-------------+-----
Axes           | 2 3 |  3.1
Fighting       | |  3.7
Armour         | |  3.9
Shields        | |  3.7

Action                   |  1- 3 |  4- 6 || total
-------------------------+-------+-------++-------
Melee: War axe           |    66 |    31 ||    97
  Use: Scroll            |     4 |     3 ||     7
Armor: Scale mail        |    44 |    18 ||    62
Dodge: Dodged            |    32 |    16 ||    48
Block: Buckler           |    11 |    12 ||    23

Table legend: (Time is in decaauts)
 A = Elapsed time spent in this place.
 B = Non-inter-level travel time spent in this place.
 C = Inter-level travel time spent in this place.
 D = Time resting spent in this place.
 E = Time spent auto-exploring this place.
 F = Levels seen in this place.
 G = Mean time per level.
                   A        B        C        D        E       F      G
               +--------+--------+--------+--------+--------+-----+--------+
         Total |   2252 |   2173 |     79 |    119 |   1721 |   3 |  750.7 |
       Dungeon |   2252 |   2173 |     79 |    119 |   1721 |   3 |  750.7 |
               +--------+--------+--------+--------+--------+-----+--------+

Top non-repeatable levels by time:
     D:1: 950 daAuts
     D:2: 817 daAuts
     D:3: 483 daAuts
